 Dungeon Crawl Stone Soup version 0.30-a0-360-g447f08457e (webtiles) character file.

Game seed: 3945262061075152190

3513 pokeman the Thaumaturge (level 9, 0/51 HPs)
             Began as a Deep Elf Hedge Wizard on Nov 13, 2022.
             Was a Believer of Vehumet.
             Killed from afar by an acid dragon (20 damage)
             ... with a splash of acid
             ... on level 8 of the Dungeon on Nov 14, 2022.
             The game lasted 00:20:55 (7715 turns).

pokeman the Thaumaturge (Deep Elf Hedge Wizard)     Turns: 7715, Time: 00:20:56

Health: 0/51       AC:  7    Str:  7    XL:     9   Next: 81%
Magic:  25/28      EV: 12    Int: 24    God:    Vehumet [**....]
Gold:   515        SH:  0    Dex: 14    Spells: 26/34 levels left

rFire   . . .      SeeInvis .    A - +3 quarterstaff (chaos)
rCold   . . .      Faith    .    (shield currently unavailable)
rNeg    . . .      Spirit   .    a - +0 leather armour
rPois   .          Reflect  .    f - +0 helmet
rElec   .          Harm     .    B - +0 cloak
rCorr   .          Rampage  .    (no gloves)
Will    .....                    s - +0 pair of boots
Stlth   ++........               o - amulet of regeneration
HPRegen 1.08/turn                C - ring of wizardry
MPRegen 0.21/turn                (no ring)

@: no status effects
A: no striking features
a: Renounce Religion


You were on level 8 of the Dungeon.
You worshipped Vehumet.
Vehumet was pleased with you.
You visited 2 branches of the dungeon, and saw 9 of its levels.

You collected 515 gold pieces.

Inventory:

Hand Weapons
 r - a +7 antimagic spear
 y - a +0 shortbow
 A - a +3 quarterstaff of chaos (weapon)
 D - a +0 arbalest
Armour
 a - a +0 leather armour (worn)
 f - a +0 helmet (worn)
 s - a +0 pair of boots (worn)
 B - a +0 cloak (worn)
 F - a +0 kite shield
 H - an orb of light
Jewellery
 o - an amulet of regeneration (around neck)
 C - a ring of wizardry (left hand)
Wands
 G - a wand of polymorph (9)
Scrolls
 b - a scroll of fear {unknown}
 e - 2 scrolls of amnesia {unknown}
 g - 3 scrolls of poison {unknown}
 h - 8 scrolls of identify {unknown}
 j - a scroll of torment {unknown}
 l - 4 scrolls of enchant weapon {unknown}
 m - a scroll of blinking {unknown}
 t - a scroll of vulnerability {unknown}
 u - 2 scrolls of fog {unknown}
 v - 2 scrolls of silence {unknown}
 x - 2 scrolls of immolation {unknown}
 z - a scroll of enchant armour {unknown}
 E - 3 scrolls of teleportation {unknown}
Potions
 c - 3 potions of mutation {unknown}
 d - 4 potions of magic
 i - 2 potions of brilliance {unknown}
 k - 5 potions of curing {unknown}
 n - a potion of ambrosia {unknown}
 p - a potion of invisibility {unknown}
 q - 3 potions of attraction {unknown}
 w - a potion of haste {unknown}
 I - a potion of degeneration {unknown}


   Skills:
 + Level 3.5 Fighting
 - Level 4.0 Armour
 - Level 3.0 Dodging
 - Level 3.0 Stealth
 * Level 13.3 Spellcasting
 + Level 7.5 Conjurations
 - Level 1.1 Summonings
 - Level 1.1 Translocations
 - Level 1.0 Air Magic
 - Level 1.0 Poison Magic
 - Level 1.0 Evocations


You had 26 spell levels left.
You knew the following spells:

 Your Spells              Type           Power      Damage    Failure   Level
a - Magic Dart            Conj           100%       1d8       1%          1
b - Mephitic Cloud        Conj/Pois/Air  31%        N/A       1%          3
c - Call Imp              Summ           21%        N/A       2%          2
d - Blink                 Tloc           42%        N/A       2%          2

Your spell library contained the following spells:

 Spells                   Type           Power      Damage    Failure   Level
 Static Discharge         Conj/Air       72%        2-5/arc   1%          2
 Beastly Appendage        Tmut           32%        N/A       2%          1
 Slow                     Hex            64%        N/A       2%          1
 Cigotuvi's Dreadful Rot  Necr/Pois/Air  38%        N/A       2%          2
 Wereblood                Tmut           16%        N/A       3%          2
 Spider Form              Tmut/Pois      18%        N/A       5%          3
 Summon Lightning Spire   Summ/Air       21%        N/A       14%         4
 Storm Form               Tmut/Air       9%         N/A       100%        7
 Maxwell's Capacitive Co  Air            10%        ∞         100%        8


Dungeon Overview and Level Annotations

Branches:
Dungeon (8/15)             Temple (1/1) D:4
   Lair: D:8-11

Altars:
Ashenzari
Cheibriados
Dithmenos
Elyvilon
Fedhas
Gozag
Hepliaklqana
Makhleb
Nemelex Xobeh
Okawaru
Qazlal
Ru
Sif Muna
Uskayaw
Vehumet
Wu Jian
Xom
Yredelemnul
Zin
The Shining One

Shops:
D:3 *

Annotations:
D:8 Grum


Message History

Grum appears confused.
Unknown command.
The wolf howls!
You sock the wolf! You burn the wolf.
The wolf is heavily wounded.
The wolf is engulfed in noxious fumes.
The wolf appears confused.
A white imp comes into view.
Grum is engulfed in noxious fumes.
Unknown command.
You barely miss the wolf.
The wolf is heavily wounded.
The wolf closely misses you.
Unknown command.
You sock the wolf!
The wolf is almost dead.
The wolf bites you.
You hit Grum.
Grum is moderately wounded.
Grum hits you with a +1 halberd!! The wolf closely misses you.
Grum hits you with a +1 halberd.
You hear a loud, deep croak!
Unknown command.
A bullfrog comes into view.
The wolf bites Grum!
The wolf bites you but does no damage. The bullfrog hits you.
The wolf barely misses you.
The wolf bites itself.
An acid dragon comes into view.
Grum closely misses the wolf.
Grum hits himself with a +1 halberd!
The bullfrog hits you.
The bullfrog hits you but does no damage.
The wolf bites something but does no damage.
Grum hits the wolf with a +1 halberd!
The wolf is killed!
Vehumet accepts your kill. The bullfrog attacks as you move away!
The bullfrog hits you. The bullfrog closely misses you.
The bullfrog attacks as you move away! The bullfrog hits you.
The bullfrog snags a nearby baby bat with its tongue.
The acid dragon spits acid at you. The splash of acid hits you!!
You die...

.. .... ... ...# ..###..
...##..# #### ...#... .
#..#..####..##........
..#.......#..............
........D......#.........
...........#..##.........
...........#.##.........#
.......<@F#..#...........
..........##..g5.........
.#####....##...#.........
#.........##...#...#
#..........##..##..##
#..........###.h....#..
..<...#.....###.........
......#####..#..........
..##..........


You could see an acid dragon (catching breath) and a bullfrog.

Vanquished Creatures
  Grinder (D:5)
  A wyvern (D:7)
  A steam dragon (D:7)
  Edmund (D:5)
  A water moccasin (D:7)
  An orc warrior (D:6)
  3 sky beasts
  2 black bears
  An ice beast (D:5)
  5 ogres
  A wolf (D:8)
  3 centaurs
  A bullfrog (D:7)
  A necrophage (D:6)
  3 scorpions
  3 wights (D:7)
  A howler monkey (D:7)
  A hound (D:5)
  3 jellies
  3 orc priests
  3 iguanas
  8 orc wizards
  Robin (D:2)
  4 gnolls (D:5)
  6 adders
  A shadow imp (D:6)
  2 white imps
  An ufetubus (D:5)
  2 worms
  6 dart slugs
  31 orcs
  3 bats
  6 endoplasms
  A giant cockroach (D:1)
  7 hobgoblins
  4 jackals
  7 quokkas
  5 ball pythons
  5 frilled lizards
  19 goblins
  8 kobolds
  8 rats
175 creatures vanquished.

Vanquished Creatures (collateral kills)
  A sky beast (D:6)
  Crazy Yiuf (D:4)
  A goblin (D:2)
3 creatures vanquished.

Grand Total: 178 creatures vanquished

Notes
Turn   | Place    | Note
-------+----------+-------------------------------------------
     0 | D:1      | pokeman the Deep Elf Hedge Wizard began the quest for the
                  | Orb.
     0 | D:1      | Reached XP level 1. HP: 10/10 MP: 7/7
   246 | D:1      | Reached XP level 2. HP: 15/15 MP: 1/9
   663 | D:1      | Reached skill level 5 in Spellcasting
   810 | D:1      | Reached XP level 3. HP: 20/20 MP: 9/11
   815 | D:1      | Learned a level 3 spell: Mephitic Cloud
   818 | D:1      | Learned a level 2 spell: Call Imp
   821 | D:1      | Learned a level 2 spell: Blink
  1110 | D:2      | Reached skill level 1 in Fighting
  1171 | D:2      | Reached skill level 1 in Armour
  1430 | D:2      | Reached XP level 4. HP: 25/25 MP: 2/13
  1581 | D:2      | Noticed Robin
  1604 | D:2      | Killed Robin
  1776 | D:2      | Found a faded altar of an unknown god.
  2012 | D:2      | Found an opulent altar of Gozag.
  2099 | D:3      | Found an opulent altar of Gozag.
  2148 | D:3      | Found Gozag's Platinum Reserve.
  2569 | D:3      | Reached skill level 6 in Spellcasting
  2569 | D:3      | Reached XP level 5. HP: 29/29 MP: 5/15
  2913 | D:4      | Reached skill level 1 in Poison Magic
  2917 | D:4      | Reached skill level 1 in Air Magic
  3043 | D:4      | Found a hazy altar of Hepliaklqana.
  3068 | D:4      | Reached XP level 6. HP: 34/34 MP: 6/17
  3349 | D:4      | Found a runed translucent door.
  3350 | D:4      | Noticed Crazy Yiuf
  3435 | D:4      | Found a blossoming altar of Fedhas.
  3491 | D:4      | Reached skill level 7 in Spellcasting
  3588 | D:4      | Found a staircase to the Ecumenical Temple.
  3597 | Temple   | Entered the Ecumenical Temple
  3597 | Temple   | Found a transporter.
  3597 | Temple   | Found a transporter.
  3599 | Temple   | Found a transporter.
  3599 | Temple   | Found a transporter.
  3628 | Temple   | Became a worshipper of Vehumet
  3945 | D:4      | Found a shimmering blue altar of Sif Muna.
  3945 | D:4      | Found a sparkling altar of Nemelex Xobeh.
  3972 | D:4      | Found an iron altar of Okawaru.
  3972 | D:4      | Found a shimmering altar of Xom.
  3972 | D:4      | Found a radiant altar of Vehumet.
  4102 | D:4      | Killed Crazy Yiuf
  4204 | D:5      | Entered Level 5 of the Dungeon
  4286 | D:5      | Noticed Grinder
  4424 | D:5      | Noticed Edmund
  4439 | D:5      | Killed Edmund
  4440 | D:5      | Reached XP level 7. HP: 25/40 MP: 10/20
  4441 | D:5      | Reached skill level 8 in Spellcasting
  4826 | D:5      | Reached skill level 9 in Spellcasting
  5116 | D:5      | Reached XP level 8. HP: 46/46 MP: 16/23
  5469 | D:5      | Killed Grinder
  5470 | D:5      | Reached skill level 10 in Spellcasting
  5470 | D:5      | Reached skill level 5 in Conjurations
  5564 | D:6      | Reached * piety under Vehumet
  5564 | D:6      | Offered knowledge of Kiss of Death by Vehumet.
  5794 | D:6      | Found a glowing golden altar of the Shining One.
  5794 | D:6      | Found a shimmering blue altar of Sif Muna.
  5814 | D:6      | Reached skill level 11 in Spellcasting
  5992 | D:6      | Reached XP level 9. HP: 37/50 MP: 22/26
  6621 | D:7      | Reached skill level 12 in Spellcasting
  6621 | D:7      | Reached skill level 1 in Evocations
  6862 | D:7      | Offered knowledge of Static Discharge by Vehumet.
  6896 | D:7      | Reached ** piety under Vehumet
  7451 | D:7      | Reached skill level 13 in Spellcasting
  7690 | D:8      | Noticed Grum
  7715 | D:8      | Killed from afar by an acid dragon

Illustrated notes

Levels and vault maps discovered:
D:1:      dpeg_arrival_snail, layout_rooms, st_stairs_8
D:2:      layout_rooms, basic_altar, chequers_ecumenical_altar_simple_redux,
          kennysheep_generic_room_5, uniq_robin
D:3:      layout_basic, nicolae_gozag_zags_fifth_avenue, minmay_between
D:4:      layout_rooms, mainiacjoe_overflow_24_doors, doesnt_xom_only_xom,
          minmay_temple_entry_large_hall, uniq_crazy_yiuf_cottage
D:5:      layout_basic, minmay_misc_feat_ornament, uniq_grinder, uniq_edmund
D:6:      layout_gridville, jmf_multi_god_temple
D:7:      layout_basic, grunt_ministairs_13, minmay_misc_feat_encased
D:8:      layout_cave_pools, uniq_grum, uniq_psyche
Temple:   hellmonk_temple_divided_pantheon

Skill      XL: |  1  2  3  4  5  6  7  8  9 |
---------------+----------------------------+-----
Spellcasting   | 5 6 7 9 11 13 | 13.3
Fighting       | 1 2 3 |  3.5
Conjurations   | 2 3 4 6 7 |  7.5
Armour         | 1 3 4 |  4.0
Stealth        | 3 |  3.0
Dodging        | 3 |  3.0
Poison Magic   | 1 |  1.0
Air Magic      | 1 |  1.0
Evocations     | 1 |  1.0
Summonings     | |  1.1
Translocations | |  1.1

Action                   |  1- 3 |  4- 6 |  7- 9 || total
-------------------------+-------+-------+-------++-------
Melee: Dagger            |     5 |    43 |       ||    48
       Spear             |       |     3 |       ||     3
       Morningstar       |       |    23 |       ||    23
       Quarterstaff      |       |    10 |   161 ||   171
 Cast: Magic Dart        |   102 |   133 |   148 ||   383
       Mephitic Cloud    |       |    16 |    32 ||    48
       Call Imp          |       |     1 |     8 ||     9
 Stab: Confused          |       |    11 |    17 ||    28
       Paralysed         |       |       |     2 ||     2
       Sleeping          |       |       |     1 ||     1
Armor: Robe              |     6 |     9 |       ||    15
       Leather armour    |       |     6 |    57 ||    63
Dodge: Dodged            |    10 |    66 |    97 ||   173

Table legend: (Time is in decaauts)
 A = Elapsed time spent in this place.
 B = Non-inter-level travel time spent in this place.
 C = Inter-level travel time spent in this place.
 D = Time resting spent in this place.
 E = Time spent auto-exploring this place.
 F = Levels seen in this place.
 G = Mean time per level.
                   A        B        C        D        E       F      G
               +--------+--------+--------+--------+--------+-----+--------+
         Total |   7775 |   7629 |    146 |    239 |   5931 |   9 |  863.9 |
       Dungeon |   7725 |   7595 |    130 |    239 |   5930 |   8 |  965.6 |
        Temple |     49 |     33 |     16 |      0 |      1 |   1 |   49.0 |
               +--------+--------+--------+--------+--------+-----+--------+

Top non-repeatable levels by time:
     D:5: 1321 daAuts
     D:4: 1275 daAuts
     D:1: 1193 daAuts
     D:7: 1098 daAuts
     D:6: 1097 daAuts
     D:3: 854 daAuts
     D:2: 840 daAuts
  Temple: 49 daAuts
     D:8: 43 daAuts
